 Dungeon Crawl Stone Soup version 0.29-a0-791-ga0f254aafb (webtiles) character file.

Game seed: 3138053046040512471

11841 Lekart the Thaumaturge (level 11, -1/94 HPs)
             Began as a Purple Draconian Fighter on July 3, 2022.
             Was a Plaything of Xom.
             Killed from afar by an electric eel (4 damage)
             ... with a bolt of electricity
             ... on level 9 of the Dungeon.
             The game lasted 00:22:03 (11207 turns).

Lekart the Thaumaturge (Purple Draconian Fighter)  Turns: 11207, Time: 00:22:04

Health: -1/94      AC: 15    Str: 25 (26) XL:     11   Next: 54%
Magic:  27/27      EV: 12    Int:  8 (9)  God:    Xom [...*..]
Gold:   1000       SH:  0    Dex:  4 (8)  Spells: 32/35 levels left

rFire   + . .      SeeInvis +   G - +6 battleaxe of Nightmares {venom, Str+3}
rCold   . . .      Faith    .   (shield currently unavailable)
rNeg    . . .      Spirit   .   (body armour unavailable)
rPois   .          Reflect  .   (helmet restricted)
rElec   .          Harm     .   F - +0 cloak
rCorr   .          Rampage  .   (no gloves)
Will    +....                   m - +2 pair of boots
Stlth   +.........              g - amulet of regeneration
HPRegen 1.05/turn               d - ring of see invisible
MPRegen 0.20/turn               l - +4 ring of protection

@: about to teleport, very slow
A: breathe power, AC +7, unfitting armour, cold-blooded, clumsy 1, deterioration
1, fire resistance 1, screaming 1
a: Breathe Dispelling Energy, Renounce Religion


You were on level 9 of the Dungeon.
You worshipped Xom.
You were a favourite toy of Xom.
You visited 3 branches of the dungeon, and saw 12 of its levels.
You also visited: Sewer.

You collected 1264 gold pieces.
You spent 264 gold pieces at shops.

Inventory:

Hand Weapons
 a - a +0 war axe
 h - a +5 vorpal demon trident
 G - the +6 battleaxe of Nightmares (weapon) {venom, Str+3}
   (You bought it in a shop on level 8 of the Dungeon)

   It poisons the flesh of those it strikes.
   Str:       It affects your strength (+3).
Missiles
 J - a throwing net (quivered)
Armour
 b - a +0 buckler
 m - a +2 pair of boots (worn)
 F - a +0 cloak (worn)
Jewellery
 d - a ring of see invisible (left hand)
 g - an amulet of regeneration (around neck)
 l - a +4 ring of protection (right hand)
 H - a ring of wizardry
 K - an amulet of the acrobat
Wands
 k - a wand of mindburst (11)
Scrolls
 f - 3 scrolls of teleportation
 i - 5 scrolls of identify
 n - a scroll of magic mapping
 q - 6 scrolls of enchant armour
 t - a scroll of fear
 u - a scroll of brand weapon
 w - 2 scrolls of torment
 y - 3 scrolls of silence
 B - 2 scrolls of immolation
Potions
 c - 4 potions of might
 e - 3 potions of attraction
 j - 2 potions of lignification
 o - a potion of haste
 p - 3 potions of flight
 s - 6 potions of curing
 z - 2 potions of resistance
 C - 3 potions of cancellation
 E - 2 potions of brilliance


   Skills:
 + Level 7.9 Fighting
 + Level 8.3(10.2) Axes
 + Level 9.3(10.7) Polearms
 + Level 5.7 Dodging
 + Level 4.6 Shields
 + Level 12.9 Spellcasting
 + Level 1.2 Evocations


You had 32 spell levels left.
You knew the following spells:

 Your Spells              Type           Power      Damage    Failure   Level
a - Ozocubu's Armour      Ice            5%         N/A       34%         3

Your spell library contained the following spells:

 Spells                   Type           Power      Damage    Failure   Level
 Confusing Touch          Hex            5%         N/A       34%         3
 Conjure Flame            Conj/Fire      5%         6-21      34%         3
 Ignite Poison            Fire/Tmut/Pois 5%         N/A       34%         3
 Mephitic Cloud           Conj/Pois/Air  5%         N/A       34%         3
 Sticky Flame             Conj/Fire      5%         2d3       75%         4
 Freezing Cloud           Conj/Ice/Air   2%         6-21      97%         5
 Metabolic Englaciation   Hex/Ice        2%         N/A       97%         5
 Yara's Violent Unravell  Hex/Tmut       2%         3d3       97%         5
 Simulacrum               Ice/Necr       2%         N/A       100%        6
 Enfeeble                 Hex            2%         N/A       100%        7


Dungeon Overview and Level Annotations

Branches:
Dungeon (9/15)             Temple (1/1) D:4             Orc (2/2) D:9
    Elf (0/3) Orc:2         Sewer (visited)
   Lair: D:8-11

Altars:
Ashenzari
Cheibriados
Dithmenos
Fedhas
Gozag
Hepliaklqana
Makhleb
Nemelex Xobeh
Okawaru
Ru
Sif Muna
Trog
Uskayaw
Vehumet
Wu Jian
Xom
Yredelemnul
Zin
The Shining One

Shops:
D:8 (   Orc:2 [*(

Annotations:
D:8 1 runed translucent door, capka3m's ghost, novice MeEE


Innate Abilities, Weirdness & Mutations

You can breathe bolts of dispelling energy.
Your rich purple scales are hard. (AC +7)
You cannot fit into any form of body armour.
You are cold-blooded and may be slowed by cold attacks.
You are clumsy. (Dex -2)
Your body sometimes deteriorates upon taking damage.
Your flesh is heat resistant. (rF+)
You occasionally shout uncontrollably at your foes.


Message History

The bolt of electricity hits the electric eel.
The electric eel completely resists.
The bolt of electricity hits you!
You are too injured to fight recklessly!
You are too injured to fight recklessly!
You closely miss the gnoll. You hit the electric eel.
The electric eel is poisoned.
You miss the electric eel. x2
The electric eel shoots out a bolt of lightning at you!
The bolt of electricity hits you. The gnoll misses you.
The electric eel shoots out a bolt of lightning at you!
The bolt of electricity hits the electric eel.
The electric eel completely resists.
The bolt of electricity hits you.
As you read the scroll of teleportation, it crumbles to dust.
You feel strangely unstable.
The electric eel shoots out a bolt of lightning at you!
The bolt of electricity hits the electric eel.
The electric eel completely resists.
The bolt of electricity hits you!
* * * LOW HITPOINT WARNING * * *
The electric eel shoots out a bolt of lightning at you!
The bolt of electricity hits you!
* * * LOW HITPOINT WARNING * * *
The bolt of electricity hits the gnoll!
The gnoll barely misses you.
The electric eel shoots out a bolt of lightning at you!
The bolt of electricity hits you!
* * * LOW HITPOINT WARNING * * *
You feel better.
The electric eel shoots out a bolt of lightning at you!
The bolt of electricity hits you!
* * * LOW HITPOINT WARNING * * *
The gnoll closely misses you.
You kill the electric eel!
The electric eel shoots out a bolt of lightning at you!
The bolt of electricity hits you!
* * * LOW HITPOINT WARNING * * *
The electric eel shoots out a bolt of lightning at you!
The bolt of electricity hits you.
* * * LOW HITPOINT WARNING * * *
Xom is highly amused!
The bolt of electricity hits you.
You die...
Xom bursts into laughter!

#
#.....#..###..#.#
###
##.#.##.#..######
#.
#....#.#########
##
#.###...........
####≈........#.#
...≈≈≈.....#.#
##≈≈≈≈≈###.# #
#≈≈≈≈≈≈≈##.#
#≈≈≈≈≈≈@g..#
...≈≈≈≈≈≈≈###
####≈≈≈SSK≈#
##≈≈KS≈≈≈#
#≈≈≈≈≈≈≈≈#
.≈≈≈≈≈≈≈≈≈≈#
##≈≈≈≈≈≈≈≈≈≈#
##≈≈≈≈≈≈≈≈##
##≈≈≈≈≈≈##


You could see a kobold brigand, 3 electric eels, a gnoll and a kobold.

Vanquished Creatures
  2 two-headed ogres
  3 orc knights (Orc:2)
  An orc sorcerer (Orc:2)
  A wyvern (D:7)
  A wraith (D:9)
  7 yaks (D:8)
  Grum (D:8)
  A warg (Orc:1)
  2 steam dragons
  11 orc warriors
  2 ice beasts (D:7)
  3 sky beasts
  13 ogres
  A wolf (Orc:2)
  The ghost of gabibbone the Shooter, an amateur FoHu (D:3)
  A phantom (D:5)
  A kobold brigand (D:7)
  A bullfrog (D:7)
  2 necrophages
  8 scorpions
  9 wights
  6 killer bees (D:8)
  An electric eel (D:9)
  A crimson imp (D:7)
  2 boudas (D:8)
  12 orc priests
  12 hounds
  13 orc wizards
  17 gnolls
  16 adders
  9 river rats
  A white imp (D:7)
  9 worms
  5 dart slugs
  81 orcs
  7 endoplasms
  5 giant cockroaches
  6 goblins
  6 hobgoblins
  11 jackals
  15 kobolds
  4 quokkas
  13 ball pythons
  19 bats
  3 frilled lizards
  8 rats
354 creatures vanquished.

Vanquished Creatures (collateral kills)
  An orc warrior (Orc:2)
  A gnoll sergeant (D:8)
2 creatures vanquished.

Vanquished Creatures (others)
  An orc warrior (Orc:1)
  2 orcs
  A kobold (D:9)
  11 fungi
  4 plants
19 creatures vanquished.

Grand Total: 375 creatures vanquished

Notes
Turn   | Place    | Note
-------+----------+-------------------------------------------
     0 | D:1      | Lekart the Draconian Fighter began the quest for the Orb.
     0 | D:1      | Reached XP level 1. HP: 19/19 MP: 1/1
   438 | D:1      | Reached XP level 2. HP: 24/26 MP: 2/2
   569 | D:1      | Found a faded altar of an unknown god.
  1066 | D:1      | Reached XP level 3. HP: 31/31 MP: 3/3
  2364 | D:3      | Reached XP level 4. HP: 40/40 MP: 4/4
  2378 | D:3      | Reached skill level 1 in Polearms
  2466 | D:3      | Found a glowing drain.
  2474 | Sewer    | Entered a sewer
  2481 | Sewer    | Reached XP level 5. HP: 42/46 MP: 5/5
  3587 | D:3      | Reached XP level 6. HP: 52/52 MP: 6/6
  3883 | D:3      | Found a runed translucent door.
  3886 | D:3      | Noticed gabibbone's ghost (amateur FoHu)
  3908 | D:3      | Killed gabibbone's ghost
  4122 | D:3      | Found an ornate altar of the Wu Jian Council.
  4188 | D:3      | Found a bloodstained altar of Trog.
  4380 | D:4      | Found a staircase to the Ecumenical Temple.
  4402 | Temple   | Entered the Ecumenical Temple
  4621 | Temple   | Became a worshipper of Xom of Chaos
  4680 | D:4      | XOM: silly message
  4964 | D:4      | XOM: cloud trail
  5131 | D:5      | Entered Level 5 of the Dungeon
  5181 | D:4      | XOM: divination: detect creatures
  5370 | D:4      | Gained mutation: You have hidden genetic defects. [potion
                  | of mutation]
  5509 | D:5      | Reached skill level 5 in Polearms
  5509 | D:5      | Your scales start taking on a rich purple colour.
  5509 | D:5      | Reached XP level 7. HP: 60/60 MP: 7/7
  5512 | D:5      | Gained mutation: You occasionally lose the ability to drink
                  | potions when taking damage. [hidden defects]
  5592 | D:5      | Found a broken altar of Ashenzari.
  6018 | D:5      | XOM: silly message
  6022 | D:5      | Gained mutation: You are clumsy. (Dex -2) [hidden defects]
  6022 | D:5      | Lost mutation: You have hidden genetic defects. [hidden
                  | defects expressed]
  6261 | D:5      | XOM: silly message
  6299 | D:6      | XOM: potion effect (might)
  6378 | D:6      | Reached skill level 5 in Fighting
  6574 | D:6      | XOM: potion effect (experience)
  6574 | D:6      | Reached skill level 12 in Spellcasting
  6574 | D:6      | Reached XP level 8. HP: 68/68 MP: 7/24
  6580 | D:6      | Reached XP level 9. HP: 74/74 MP: 7/25
  6584 | D:6      | Learned a level 3 spell: Ozocubu's Armour
  6723 | D:6      | XOM: silly message
  6877 | D:6      | XOM: 1-stop teleportation journey
  6973 | D:6      | XOM: scenery: summon butterflies
  7114 | D:7      | Found a snail-covered altar of Cheibriados.
  7289 | D:7      | XOM: chaos upgrade
  7290 | D:7      | XOM: 4-stop teleportation journey
  7448 | D:7      | XOM: silly message
  7580 | D:7      | Noticed a two-headed ogre
  7584 | D:7      | Killed a two-headed ogre
  7585 | D:7      | Reached XP level 10. HP: 64/83 MP: 26/26
  7636 | D:7      | XOM: give mutations
  7636 | D:7      | Gained mutation: You occasionally lose the ability to read
                  | scrolls when taking damage. [Xom's mischief]
  7636 | D:7      | Lost mutation: You occasionally lose the ability to drink
                  | potions when taking damage. [Xom's mischief]
  7768 | D:7      | Found a burning altar of Makhleb.
  7920 | D:7      | XOM is BORED!
  7920 | D:7      | XOM: give mutations
  7920 | D:7      | Lost mutation: You occasionally lose the ability to read
                  | scrolls when taking damage. [Xom's mischief]
  7920 | D:7      | Gained mutation: Your mind is acute. (Int +4, Str/Dex -1)
                  | [Xom's mischief]
  7920 | D:7      | Gained mutation: Your flesh is heat resistant. (rF+) [Xom's
                  | mischief]
  7920 | D:7      | Lost mutation: Your mind is acute. (Int +4, Str/Dex -1)
                  | [Xom's mischief]
  8000 | D:8      | Found a runed translucent door.
  8002 | D:8      | Noticed capka3m's ghost (novice MeEE)
  8030 | D:8      | Found Ring's Antique Weapon Shoppe.
  8035 | D:8      | Bought a transparent battleaxe for 264 gold pieces
  8035 | D:8      | Identified the +6 battleaxe of Nightmares {venom, Str+3}
                  | (You bought it in a shop on level 8 of the Dungeon)
  8204 | D:8      | XOM: enchant monster (bad)
  8267 | D:8      | XOM: give mutation
  8267 | D:8      | Gained mutation: You occasionally shout uncontrollably at
                  | your foes. [Xom's mischief]
  8338 | D:8      | XOM: summons 6 hostile demons
  8382 | D:8      | XOM: 5-stop teleportation journey
  8383 | D:8      | XOM: summons friendly iron imp
  8386 | D:8      | Reached skill level 5 in Dodging
  8623 | D:8      | Noticed Grum
  8624 | D:8      | XOM: fake destruction
  8627 | D:8      | Killed Grum
  8680 | D:8      | XOM: scenery: 2 doors close
  8718 | D:8      | Reached skill level 5 in Axes
  8898 | D:9      | Found a staircase to the Orcish Mines.
  8905 | Orc:1    | Entered Level 1 of the Orcish Mines
  9131 | Orc:1    | XOM: give mutation
  9131 | Orc:1    | Gained mutation: Your body sometimes deteriorates upon
                  | taking damage. [Xom's mischief]
  9276 | Orc:1    | XOM: destruction
  9278 | Orc:1    | XOM: divine lightning
  9417 | Orc:2    | Entered Level 2 of the Orcish Mines
  9491 | Orc:2    | Noticed a two-headed ogre
  9498 | Orc:2    | Killed a two-headed ogre
  9499 | Orc:2    | Reached XP level 11. HP: 54/92 MP: 27/27
  9503 | Orc:2    | Found Urchaydob's Antique Weapon Shoppe.
  9503 | Orc:2    | Noticed an orc high priest
  9503 | Orc:2    | XOM: 5-stop teleportation journey
  9619 | Orc:2    | XOM: polymorph ogre -> wolf
  9654 | Orc:2    | XOM: summons 9 friendly demons
  9864 | Orc:2    | XOM: enchant monster (bad)
  9919 | Orc:2    | Found Pauxt's Armour Boutique.
  9919 | Orc:2    | Noticed an orc knight
  9928 | Orc:2    | XOM: enchant monster (bad)
  9934 | Orc:2    | Killed an orc knight
  9992 | Orc:2    | Found Xasmuoz's General Store.
  9992 | Orc:2    | Noticed an orc knight
 10013 | Orc:2    | Killed an orc knight
 10132 | Orc:2    | XOM: 1-stop teleportation journey
 10140 | Orc:2    | Reached skill level 1 in Evocations
 10141 | Orc:2    | XOM: enchant monster (good)
 10145 | Orc:2    | Found a staircase to the Elven Halls.
 10163 | Orc:2    | XOM: 1-stop teleportation journey
 10166 | Orc:2    | XOM: silly message
 10336 | Orc:2    | Noticed an orc knight
 10336 | Orc:2    | Noticed an orc sorcerer
 10352 | Orc:2    | Killed an orc sorcerer
 10357 | Orc:2    | XOM: smoke on damage
 10464 | Orc:2    | Killed an orc knight
 11207 | D:9      | HP: 3/94 [electric eel/bolt of electricity (4)]
 11207 | D:9      | Killed from afar by an electric eel

Illustrated notes

Levels and vault maps discovered:
D:1:      dpeg_arrival_signposts, layout_basic, shapermc_ecumenical_altar_petra,
          nrook_campfire
D:2:      layout_rooms, minmay_misc_feat_nine_boxes
D:3:      layout_basic, nzn_wu_jian_council_hall, lemuel_round_altar,
          lightli_sewer_entry_pipes, ebering_ghost_reflecting_pool
D:4:      layout_basic, minmay_temple_entry_sparse_star
D:5:      layout_gridville, ashenzari_conservatory_becter,
          kennysheep_cross_bottleneck
D:6:      old_forge, layout_basic
D:7:      layout_loops_ring, mainiacjoe_overflow_alcove_4, makhleb_grotto_becter
D:8:      layout_cave_pools, ebering_ghost_inner_flame, serial_gnoll_camp,
          gnoll_camp_mini_shop, gnoll_camp_medium_01, gnoll_camp_mini_doghouse,
          grums_kennel, gnoll_camp_mini_basic
D:9:      minmay_goldmine, layout_basic, mainiacjoe_overflow_two_lobes,
          orc_0_dummy
Temple:   eino_temple_water
Orc:1:    layout_caves
Orc:2:    pubby_orc_utopia

Skill      XL: |  1  2  3  4  5  6  7  8  9 10 11 |
---------------+----------------------------------+-----
Dodging        | 3 4 5 |  5.7
Polearms       | 2 3 5 6 8 9 |  9.3
Fighting       | 4 5 6 7 |  7.9
Shields        | 4 |  4.6
Spellcasting   | 12 | 12.9
Axes           | 6 8 |  8.3
Evocations     | 1 |  1.2

Action                   |  1- 3 |  4- 6 |  7- 9 | 10-12 || total
-------------------------+-------+-------+-------+-------++-------
Melee: War axe           |    53 |       |       |       ||    53
       Tailslap          |     1 |    21 |    13 |    41 ||    76
       Demon trident     |    39 |   294 |   187 |    47 ||   567
       Battleaxe         |       |       |       |   305 ||   305
 Cast: Ozocubu's Armour  |       |       |     1 |       ||     1
 Abil: Breathe Dispellin |       |       |       |     2 ||     2
Evoke: Wand              |       |       |       |    16 ||    16
  Use: Scroll            |     7 |     4 |     3 |    13 ||    27
       Potion            |       |     5 |       |     5 ||    10
 Stab: Sleeping          |       |     2 |       |       ||     2
       Paralysed         |       |       |       |     2 ||     2
       Petrifying        |       |       |       |     1 ||     1
Armor: Skin              |    23 |   111 |    57 |   236 ||   427
Dodge: Dodged            |    51 |   195 |    76 |   318 ||   640
Block: Buckler           |    11 |    56 |    21 |     3 ||    91

Table legend: (Time is in decaauts)
 A = Elapsed time spent in this place.
 B = Non-inter-level travel time spent in this place.
 C = Inter-level travel time spent in this place.
 D = Time resting spent in this place.
 E = Time spent auto-exploring this place.
 F = Levels seen in this place.
 G = Mean time per level.
                   A        B        C        D        E       F      G
               +--------+--------+--------+--------+--------+-----+--------+
         Total |  11556 |  11153 |    403 |   1029 |   7421 |  13 |  888.9 |
       Dungeon |   8492 |   8137 |    355 |    381 |   6213 |   9 |  943.6 |
        Temple |    236 |    219 |     17 |      0 |    199 |   1 |  236.0 |
  Orcish Mines |   1725 |   1695 |     30 |    648 |    255 |   2 |  862.5 |
         Sewer |   1102 |   1102 |      0 |      0 |    754 |   1 | 1102.0 |
               +--------+--------+--------+--------+--------+-----+--------+

Top non-repeatable levels by time:
     D:1: 1607 daAuts
     D:3: 1294 daAuts
   Orc:2: 1119 daAuts
   Sewer: 1102 daAuts
     D:8: 950 daAuts
     D:5: 896 daAuts
     D:7: 878 daAuts
     D:4: 850 daAuts
     D:6: 793 daAuts
     D:9: 648 daAuts
   Orc:1: 606 daAuts
     D:2: 572 daAuts
  Temple: 236 daAuts
